 Dungeon Crawl Stone Soup version 0.18-a0-1123-gbd92598 (webtiles) character file.

21322 M4edhros the Covert (level 12, -7/72 HPs)
             Began as an Octopode Artificer on Jan 19, 2016.
             Was the Champion of Pakellas.
             Engulfed by a cloud of flame (22 damage)
             ... on level 4 of the Lair of Beasts.
             The game lasted 00:39:02 (11222 turns).

M4edhros the Covert (Octopode Artificer)           Turns: 11222, Time: 00:39:02

Health: -7/72      AC:  1    Str: 10    XL:     12   Next: 88%
Magic:  6/21       EV: 20    Int: 19    God:    Pakellas [******]
Gold:   792        SH: 10    Dex: 13    Spells: 0 memorised, 11 levels left

rFire  . . .     SeeInvis .     e - +5 rod of the swarm (1/9)
rCold  . . .     Gourm    .     b - +0 shield
rNeg   . . .     Faith    +     (helmet restricted)
rPois  +         Spirit   .     m - amulet of faith
rElec  .         Dismiss  .     L - +3 ring of evasion
rCorr  .         Reflect  .     (no ring)
SustAt .         Harm     .     (no ring)
MR     .....                    (no ring)
Stlth  +++++++...               (no ring)
                                (no ring)
                                (no ring)
                                (no ring)

@: manticore barbs, not resistant to hostile enchantments, extremely stealthy
A: almost no armour, amphibious, 8 rings, constrict 8, camouflage 1, blurry
vision 1, frail 1, poison resistance, regeneration 1, gelatinous body 1
a: Quick Charge, Device Surge, Supercharge, Renounce Religion


You were on level 4 of the Lair of Beasts.
You worshipped Pakellas.
Pakellas was exalted by your worship.
You were hungry.

You visited 3 branches of the dungeon, and saw 13 of its levels.
You also visited: Volcano.

You collected 792 gold pieces.

Inventory:

Hand Weapons
 y - a +4 mace of protection
 B - a +2 trident of venom
 V - a +1 rapier of flaming
Missiles
 d - 2 throwing nets
 j - 14 javelins (quivered)
 w - 10 sling bullets of flame
 x - 27 sling bullets
 E - 257 stones
Armour
 b - a +0 shield (worn)
Rods
 e - a +5 rod of the swarm (1/9) (weapon)
   (Pakellas gifted it to you on level 7 of the Dungeon)
 O - a +3 lightning rod (2/12)
   (You found it on level 7 of the Dungeon)
 S - a +4 rod of destruction (0/12)
   (Pakellas gifted it to you in a volcano)
Jewellery
 m - an amulet of faith (around mantle)
 F - an uncursed amulet of guardian spirit {unknown}
 G - an uncursed ring of wizardry {unknown}
 L - a +3 ring of evasion (left tentacle)
 R - an uncursed amulet of the gourmand {unknown}
Wands
 c - a wand of enslavement (12/24)
 i - a wand of fire (5/15)
 v - a wand of digging (10/24)
 z - a wand of cold (9/15)
 H - a wand of fire (0/15)
 J - a wand of invisibility (9/9)
 P - a wand of digging (12/24)
 U - a wand of polymorph (12/24)
Scrolls
 k - a scroll of identify
 q - 2 scrolls of enchant armour
 r - 4 scrolls of fog
 t - 2 scrolls of enchant weapon
 N - a scroll of remove curse
Potions
 h - 3 potions of heal wounds
 l - a potion of haste
 o - 3 potions of brilliance
 p - a potion of magic
 u - a potion of agility
 C - 2 potions of curing
 K - a potion of might
 M - 2 potions of ambrosia
Books
 n - a book of Summonings

   Spells                             Type                      Level
   a - Recall                         Summoning/Translocation      3
   b - Aura of Abjuration             Summoning                    5
   c - Summon Demon                   Summoning                    5
   d - Summon Forest                  Summoning/Translocation      5
   e - Summon Mana Viper              Hexes/Summoning              5
   f - Shadow Creatures               Summoning                    6
 s - a book of the Dragon

   Spells                             Type                      Level
   a - Flame Tongue                   Conjuration/Fire             1
   b - Cause Fear                     Hexes                        4
   c - Bolt of Fire                   Conjuration/Fire             6
   d - Dragon Form                    Transmutation                7
   e - Dragon's Call                  Summoning                    9
Comestibles
 f - 11 bread rations
 g - 6 fruits
 A - 4 beef jerkies
 D - 2 meat rations
 I - 2 slices of pizza


   Skills:
 + Level 7.5 Fighting
 - Level 1.0 Short Blades
 * Level 11.3 Dodging
 + Level 13.0 Stealth
 * Level 7.6 Shields
 * Level 12.2 Evocations


You had 11 spell levels left.
You didn't know any spells.

Dungeon Overview and Level Annotations

Branches:
Dungeon (8/15)             Temple (1/1) D:4            Lair (4/8) D:8
 Shoals (0/4) Lair:4
  Snake: Lair:3-6    Spider: Lair:3-6

Altars:
Ashenzari
Cheibriados
Dithmenos
Elyvilon
Fedhas
Gozag
Kikubaaqudgha
Nemelex Xobeh
Okawaru
Pakellas
Qazlal
Sif Muna
Trog
Vehumet
Xom
Yredelemnul
Zin
The Shining One

Shops:
D:7 }

Annotations:
D:3 Crazy Yiuf


Innate Abilities, Weirdness & Mutations

You cannot wear most types of armour.
You are amphibious.
You can wear up to eight rings at the same time.
You can use your tentacles to constrict eight enemies at once.
Your skin changes colour to match your surroundings (Stealth).
Your rubbery body absorbs attacks (AC +1).
Scrolls take you a little longer to read.
You are frail (-10% HP).
Your system is resistant to poisons.
Your natural rate of healing is unusually fast.


Message History

Press: ? - help, Shift-Dir - straight line, f/p - asdu's ghost
Aim: asdu's ghost (almost destroyed, inner flame)
The bolt of fire hits asdu's ghost.
Asdu's ghost explodes!
The fiery explosion engulfs your scorpion.
You kill your scorpion!
Your scorpion's corpse disappears in a puff of smoke!
The fiery explosion engulfs the quokka.
You kill the quokka!
The quokka's corpse disappears in a puff of smoke!
The fiery explosion engulfs the white imp.
The white imp is burned terribly!
You kill the white imp!
The fiery explosion engulfs you!
Ouch! That really hurt!
* * * LOW HITPOINT WARNING * * *
Pakellas accepts your kill.
You feel your power returning.
This wand has 5 charges left.
You are engulfed in roaring flames.
You die...

..# ##..#......###
..## #...##.....#
...# ##..#......#
..## #..........#
..# #...##..P..#
..# ##..#...##.## #
#. ..# #..##...#§§#
.#... ..##
P..##....§§##....#
...#
##..#...PP§@#.....#
..## ....#.b#.Ps§†#
...# #.........§###
...# #..#....#§§#
..## #..##...#§.§
..#.#P #..#.....
....... ..........>
.......
............
###.##..
#.#.P.#.PP#


You could see a friendly scorpion.

Vanquished Creatures
  Josephine (Lair:4)
  A hydra (Lair:1)
  5 death yaks (Lair:4)
  The ghost of asdu the Summoner, a novice NaSu of Sif Muna (Lair:4)
  Erica (Lair:1)
  An orc knight (Volcano)
  A manticore (Lair:4)
  An oklob plant (Lair:2)
  Joseph (D:8)
  2 black mambas
  2 molten gargoyles (Volcano)
  2 spiny frogs
  The ghost of YrmMerkstave the Changer, a novice DrTm (D:6)
  2 komodo dragons
  A fire drake (Lair:4)
  A troll (D:8)
  Prince Ribbit (D:5)
  Grinder (D:3)
  A two-headed ogre (D:8)
  6 blink frogs
  Sigmund (D:5)
  A spriggan (D:7)
  5 wraiths (Lair:4)
  8 yaks
  2 hippogriffs
  2 basilisks
  A fire bat (Volcano)
  A hungry ghost (D:7)
  2 porcupines
  4 water moccasins
  3 ice beasts
  6 orc warriors
  2 black bears
  3 ogres
  A phantom (D:5)
  3 centaurs
  A crocodile (Lair:4)
  10 giant frogs
  A water moccasin skeleton (D:4)
  4 killer bees (Lair:4)
  3 wights (D:8)
  An electric eel (Lair:1)
  A lava snake (Volcano)
  4 crimson imps
  A quasit (D:6)
  3 hounds
  2 jellies (D:8)
  6 orc priests
  A centaur skeleton (D:7)
  2 giant frog skeletons
  5 orc wizards
  Terence (D:2)
  4 iguanas
  3 worker ants
  11 sheep (Lair:4)
  2 hound skeletons
  11 adders
  34 river rats
  A shadow imp (D:7)
  An ooze (D:5)
  An adder zombie (D:5)
  An adder skeleton (D:6)
  3 worms
  5 giant geckos
  28 orcs
  8 giant cockroaches
  14 goblins
  8 hobgoblins
  2 jackals (D:6)
  3 quokkas
  5 bats
  3 giant newts
  A jackal zombie (D:5)
  5 kobolds
  A quokka zombie (D:5)
  9 rats
288 creatures vanquished.

Vanquished Creatures (collateral kills)
  An elephant (Lair:4)
  A spiny frog (Lair:4)
  A queen bee (Lair:4)
  7 blink frogs
  A wyvern (D:8)
  A yak (Lair:3)
  A hippogriff (Lair:4)
  2 water moccasins (Lair:3)
  4 crocodiles
  3 giant frogs
  A killer bee (Lair:4)
  A sheep (Lair:4)
  7 river rats
  2 orcs
  A ball python (D:1)
  A hobgoblin (D:1)
  A goblin (D:1)
  A plant (Lair:4)
37 creatures vanquished.

Vanquished Creatures (others)
  A griffon (Lair:4)
  A killer bee (Lair:4)
  An orc wizard (D:4)
  7 fungi
  2 plants (Lair:4)
12 creatures vanquished.

Grand Total: 337 creatures vanquished

Notes
Turn   | Place    | Note
--------------------------------------------------------------
     0 | D:1      | M4edhros the Octopode Artificer began the quest for the Orb.
     0 | D:1      | Reached XP level 1. HP: 13/13 MP: 3/3
    92 | D:1      | Reached XP level 2. HP: 8/18 MP: 4/4
   452 | D:2      | Reached XP level 3. HP: 11/23 MP: 5/5
  1022 | D:4      | Found a staircase to the Ecumenical Temple.
  1031 | D:4      | Reached XP level 4. HP: 28/28 MP: 6/6
  1035 | Temple   | Entered the Ecumenical Temple
  1259 | Temple   | Became a worshipper of Pakellas the Inventive
  1386 | D:2      | Reached skill level 4 in Stealth
  1554 | D:2      | Reached * piety under Pakellas
  1555 | D:2      | Noticed Terence
  1598 | D:2      | Killed Terence
  1598 | D:2      | Reached XP level 5. HP: 7/33 MP: 6/8
  2331 | D:3      | Noticed Grinder
  2379 | D:3      | Paralysed by Grinder for 6 turns
  2399 | D:3      | Killed Grinder
  2399 | D:3      | Reached skill level 5 in Stealth
  2399 | D:3      | Reached XP level 6. HP: 20/38 MP: 5/9
  2461 | D:3      | Reached skill level 6 in Stealth
  2718 | D:3      | Noticed Crazy Yiuf
  2887 | D:4      | Reached XP level 7. HP: 24/43 MP: 3/10
  2923 | D:4      | Reached ** piety under Pakellas
  2923 | D:4      | Received a gift from Pakellas
  3223 | D:4      | Found a white marble altar of Elyvilon.
  3280 | D:4      | Found a basalt altar of Yredelemnul.
  3360 | D:4      | Reached skill level 7 in Stealth
  3588 | D:4      | Reached skill level 5 in Dodging
  3588 | D:4      | Reached skill level 5 in Evocations
  3660 | D:4      | HP: 2/43 [orc priest (4)]
  4040 | D:5      | Entered Level 5 of the Dungeon
  4112 | D:5      | Reached skill level 8 in Stealth
  4112 | D:5      | Reached XP level 8. HP: 38/49 MP: 9/12
  4207 | D:5      | Noticed Sigmund
  4459 | D:5      | Killed Sigmund
  4556 | D:5      | Noticed Prince Ribbit
  4566 | D:5      | Reached *** piety under Pakellas
  4569 | D:5      | Killed Prince Ribbit
  4569 | D:5      | Reached skill level 9 in Stealth
  4667 | D:5      | Reached XP level 9. HP: 33/56 MP: 6/14
  4914 | D:5      | Found an iron altar of Okawaru.
  4919 | D:5      | Found a shimmering altar of Xom.
  5008 | D:5      | Found a bloodstained altar of Trog.
  5009 | D:5      | Found a radiant altar of Vehumet.
  5220 | D:6      | Noticed YrmMerkstave's ghost (novice DrTm)
  5227 | D:6      | Killed YrmMerkstave's ghost
  5276 | D:6      | Reached skill level 10 in Stealth
  6025 | D:7      | Reached **** piety under Pakellas
  6025 | D:7      | Received a gift from Pakellas
  6360 | D:7      | Gained mutation: You are agile. (Dex +2) [potion of mutation]
  6360 | D:7      | Lost mutation: You are agile. (Dex +2) [potion of mutation]
  6360 | D:7      | Gained mutation: Your natural rate of healing is unusually fast. [potion of mutation]
  6370 | D:7      | Gained mutation: You are frail (-10% HP). [potion of mutation]
  6370 | D:7      | Gained mutation: Your system is resistant to poisons. [potion of mutation]
  6370 | D:7      | Gained mutation: Scrolls take you a little longer to read. [potion of mutation]
  6448 | D:7      | Found Woideofa's Gadget Shop.
  6525 | D:8      | Found a staircase to the Lair.
  6527 | D:8      | Reached XP level 10. HP: 35/58 MP: 5/16
  6531 | D:8      | Noticed Joseph
  6687 | D:8      | Reached skill level 11 in Stealth
  6688 | D:8      | Identified a +5 rod of the swarm (9/9) (Pakellas gifted it to you on level 7 of the Dungeon)
  7027 | Lair:1   | Entered Level 1 of the Lair of Beasts
  7059 | Lair:1   | Noticed Erica
  7077 | Lair:1   | Noticed a spiny frog
  7098 | Lair:1   | Killed a spiny frog
  7164 | D:8      | Reached skill level 5 in Fighting
  7165 | D:8      | Killed Joseph
  7413 | Lair:1   | Noticed a spiny frog
  7422 | D:8      | Killed a spiny frog
  7422 | D:8      | Reached skill level 1 in Shields
  7470 | Lair:1   | Killed Erica
  7480 | Lair:1   | Noticed a four-headed hydra
  7497 | Lair:1   | Killed a four-headed hydra
  7502 | Lair:1   | Reached skill level 10 in Evocations
  7680 | Lair:1   | Reached ***** piety under Pakellas
  7680 | Lair:1   | Reached XP level 11. HP: 64/64 MP: 11/18
  8286 | Lair:2   | Noticed an oklob plant
  8289 | Lair:2   | Killed an oklob plant
  8683 | Lair:2   | Reached skill level 12 in Stealth
  9376 | Lair:3   | Reached skill level 10 in Dodging
  9430 | Lair:3   | Reached skill level 5 in Shields
 10192 | Lair:4   | Noticed Josephine
 10392 | Lair:4   | Noticed a death yak
 10395 | Lair:4   | Noticed a death yak
 10395 | Lair:4   | Noticed a death yak
 10396 | Lair:4   | Noticed a death yak
 10399 | Lair:4   | Noticed a death yak
 10402 | Lair:4   | Killed a death yak
 10402 | Lair:4   | Reached XP level 12. HP: 58/72 MP: 18/20
 10402 | Lair:4   | Killed a death yak
 10406 | Lair:4   | Killed a death yak
 10407 | Lair:4   | Killed a death yak
 10408 | Lair:4   | Killed a death yak
 10471 | Lair:4   | Reached ****** piety under Pakellas
 10540 | Lair:4   | Found a dark tunnel.
 10548 | Volcano  | Entered a volcano
 10703 | Volcano  | Found a burning altar of Makhleb.
 10711 | Volcano  | Received a gift from Pakellas
 10714 | Volcano  | Identified a +4 rod of destruction (12/12) (Pakellas gifted it to you in a volcano)
 10964 | Lair:4   | Killed Josephine
 11192 | Lair:4   | Found a staircase to the Shoals.
 11205 | Lair:4   | Noticed asdu's ghost (novice NaSu)
 11211 | Lair:4   | Reached skill level 13 in Stealth
 11222 | Lair:4   | Killed asdu's ghost
 11222 | Lair:4   | Engulfed by a cloud of flame

Vault maps used:
D:1:      dpeg_arrival_orchard
D:2:      uniq_terence
D:3:      serial_corexii_hall, corexii_hall_statues_l, corexii_hall_statues_i,
          first_bread, uniq_grinder, uniq_crazy_yiuf_cottage
D:4:      kennysheep_ying_yang, minmay_temple_entry_grid
D:5:      gammafunk_temple_overflow_statue, amethyst_overflow_temple_binary,
          st_stairs_12, uniq_prince_ribbit1, uniq_sigmund
D:7:      serial_shops, shop, the_bakery, minmay_door_square, st_stairs_10
D:8:      makhleb_altar_promises_db, lair_0_dummy,
          hangedman_decor_diamond_cutter, uniq_joseph
Temple:   oiseaux_autumnal_temple_12
Lair:1:   infiniplex_staircase_pool, uniq_erica
Lair:3:   grunt_megastairs_3
Lair:4:   beast_lair_carwin_large_1, minmay_shoals_entry_beasts,
          enter_volcano_3, special_room, uniq_josephine
Volcano:  volcano_lake

Action                   |  1- 3 |  4- 6 |  7- 9 | 10-12 || total
-------------------------+-------+-------+-------+-------++-------
Melee: Short sword       |    45 |    37 |       |       ||    82
       Mace              |       |    51 |   149 |   253 ||   453
       Rod               |       |       |    11 |     4 ||    15
       Rapier            |       |       |       |     6 ||     6
Throw: Javelin           |       |       |     4 |    14 ||    18
Invok: Quick Charge      |       |     3 |     7 |    10 ||    20
       Device Surge      |       |       |       |     4 ||     4
Evoke: Wand              |     2 |    23 |    49 |    44 ||   118
       Rod               |       |       |     7 |    78 ||    85
  Use: Potion            |       |       |    12 |     4 ||    16
       Scroll            |       |       |     8 |     6 ||    14
 Stab: Sleeping          |     9 |    13 |    16 |    16 ||    54
       Distracted        |       |     1 |     1 |     2 ||     4
  Eat: Chunk             |       |     7 |    11 |    15 ||    33
       Pizza             |       |       |       |     1 ||     1
       Meat ration       |       |       |       |     2 ||     2
